 Dungeon Crawl Stone Soup version 0.24-a0-584-g9d6b971ae4 (webtiles) character file.

Game seed: 3967869845791866113, levelgen mode: deterministic

55 angryZebra the Ruffian (level 3, -5/33 HPs)
             Began as a Ghoul Monk on Sept 6, 2019.
             Slain by a sky beast (6 damage)
             ... on level 3 of the Dungeon.
             The game lasted 00:17:48 (1019 turns).

angryZebra the Ruffian (Ghoul Monk)                 Turns: 1019, Time: 00:17:51

Health: -5/33      AC: 11    Str: 15    XL:     3   Next: 93%
Magic:  2/2        EV:  7    Int:  5    God:
Gold:   104        SH:  0    Dex: 11    Spells: 2/2 levels left

rFire    . . .     SeeInvis .   m - +1 war axe
rCold    + . .     Gourm    .   (no shield)
rNeg     + + +     Faith    .   h - +0 chain mail
rPois    ∞         Spirit   .   (no helmet)
rElec    .         Reflect  .   k - +2 cloak
rCorr    .         Harm     .   (no gloves)
MR       .....                  (no boots)
Stlth    ..........             (no amulet)
HPRegen  0.00/turn              (no ring)
MPRegen  0.08/turn              (no ring)

@: rotting
A: rotting body, claws 1, carnivore, cold resistance 1, negative energy
resistance 3, inhibited regeneration, torment resistance, unbreathing
a: no special abilities


You were on level 3 of the Dungeon.
You were not hungry.

You visited 1 branch of the dungeon, and saw 3 of its levels.

You collected 104 gold pieces.

Inventory:

Hand Weapons
 g - a +0 dagger
 m - a +1 war axe (weapon)
Missiles
 c - 9 poisoned darts (quivered)
 i - 4 atropa-tipped darts
 l - 20 arrows
Armour
 a - a +0 robe
 h - a +0 chain mail (worn)
 j - a +0 robe
 k - a +2 cloak (worn)
Jewellery
 e - a +2 ring of strength
Scrolls
 d - a scroll of identify
 n - 2 scrolls of enchant weapon
Potions
 o - a potion of agility {unknown}
Comestibles
 b - 2 rations
 f - 7 chunks of flesh


   Skills:
 + Level 3.8 Fighting
 + Level 0.1 Armour
 + Level 3.1 Dodging
 + Level 2.3 Stealth
 + Level 4.2 Unarmed Combat


You had 2 spell levels left.
You didn't know any spells.
Your spell library was empty.

Dungeon Overview and Level Annotations

Branches:
Dungeon (3/15)

Altars:


Innate Abilities, Weirdness & Mutations

Your body is rotting away.
You thrive on raw meat.
You are immune to poison.
You have sharp fingernails.
You are carnivorous and can eat meat at any time.
Your flesh is cold resistant. (rC+)
You are immune to negative energy. (rN+++)
You do not regenerate when monsters are visible.
You are immune to unholy pain and torment.
You can survive without breathing.


Message History

The sky beast barely misses you.
A rat comes into view.
The sky beast flickers out of sight!
Deactivating autopickup; reactivate with Ctrl-A.
The rat bites you but does no damage.
You closely miss the rat. You miss something.
The rat bites you but does no damage. Something hits you but does no damage.
The rat bites you but does no damage.
Some of the chunks of flesh in your inventory have rotted away.
You hit the rat.
The rat is severely wounded.
You barely miss something. Something hits you but does no damage.
The rat bites you but does no damage. Something hits you but does no damage.
You barely miss the rat.
The rat is severely wounded.
You barely miss something. The rat bites you but does no damage.
Something hits you.
* * * LOW HITPOINT WARNING * * *
Something shocks you.
You die...

#<...#.#.#
#....#.#.##
##.###....#
#.#.....##..#
#.#...#.##..#
#.#.#.#.##..#
#.#.#.#.##..#
#.#.#.#.....#
#.#@#.#.#)..#
#.#r#.#.#.(.#
#.#.#.#.#...#
#.#.#.#.....#
#.....#.#.#.#
#####.###.#.#.#
#.......≈.#...#
#.###.#########
#...#


You could see a rat.

Vanquished Creatures
  3 oozes
  A leopard gecko (D:1)
  3 bats
  9 goblins
  5 hobgoblins
  5 jackals (D:2)
  3 kobolds
  2 quokkas
  A ball python (D:2)
  A frilled lizard (D:1)
  3 rats
36 creatures vanquished.

Notes
Turn   | Place    | Note
-------+----------+-------------------------------------------
     0 | D:1      | angryZebra the Ghoul Monk began the quest for the Orb.
     0 | D:1      | Reached XP level 1. HP: 19/19 MP: 0/0
   102 | D:1      | Reached XP level 2. HP: 23/25 MP: 1/1
   396 | D:1      | Reached XP level 3. HP: 26/31 MP: 2/2
   787 | D:2      | Reached skill level 4 in Unarmed Combat
   914 | D:3      | Noticed a sky beast
  1019 | D:3      | HP: 1/33 [something (2)]
  1019 | D:3      | Slain by a sky beast

Levels and vault maps discovered:
D:1:      minmay_arrival_cross, layout_loops_ring
D:2:      layout_rooms
D:3:      layout_basic, first_ration, tso_metal_star

Skill      XL: |  1  2  3 |
---------------+----------+-----
Dodging        | 3 |  3.1
Unarmed Combat | 4 |  4.2
Fighting       | |  3.8
Armour         | |  0.1
Stealth        | |  2.3

Action                   || total
-------------------------++-------
Melee: Unarmed           ||    96
       War axe           ||    26
       Punch             ||     2
Throw: Dart              ||     1
  Use: Scroll            ||     5
       Potion            ||     3
 Stab: Sleeping          ||     1
  Eat: Chunk             ||     6
Armor: Robe              ||     9
       Chain mail        ||    59
Dodge: Dodged            ||    51

Table legend:
 A = Non-vault XP
 B = Vault XP
 C = Vault XP percentage of total XP
 D = Non-vault monster count
 E = Vault monster count
 F = Vault count percentage of total count
                 A         B        C        D         E       F
            +---------+---------+-------+---------+---------+-------
      Total |      79 |       0 |   0.0 |      36 |       0 |   0.0
            +---------+---------+-------+---------+---------+-------
        D:1 |      44 |       0 |   0.0 |      19 |       0 |   0.0
        D:2 |      31 |       0 |   0.0 |      15 |       0 |   0.0
        D:3 |       4 |       0 |   0.0 |       2 |       0 |   0.0
            +---------+---------+-------+---------+---------+-------
